 Dungeon Crawl Stone Soup version 0.29-a0-96-g93358da72b (webtiles) character file.

Game seed: 12585970654335542374

52 Gargoyl the Skirmisher (level 3, 0/24 HPs)
             Began as a Gargoyle Abyssal Knight on Feb 12, 2022.
             Was a Follower of Lugonu.
             Slain by a worm (2 damage)
             ... on level 2 of the Dungeon.
             The game lasted 00:01:10 (912 turns).

Gargoyl the Skirmisher (Gargoyle Abyssal Knight)     Turns: 912, Time: 00:01:11

Health: 0/24       AC:  6    Str: 15 (18) XL:     3   Next: 85%
Magic:  4/5        EV: 11    Int:  9 (10) God:    Lugonu [*.....]
Gold:   73         SH:  0    Dex:  8 (10) Spells: 2/2 levels left

rFire   . . .      SeeInvis .   a - +1 hand axe
rCold   . . .      Faith    .   (no shield)
rNeg    + . .      Spirit   .   b - +0 leather armour
rPois   ∞          Reflect  .   (no helmet)
rElec   +          Harm     .   (no cloak)
rCorr   .          Rampage  .   (no gloves)
Will    .....                   (no boots)
Stlth   +.........              (no amulet)
HPRegen 0.08/turn               d - +4 ring of slaying
MPRegen 0.09/turn               (no ring)

@: mighty
A: sickness immunity, AC +3, negative energy resistance 1, electricity
resistance, torment resistance 1, petrification resistance
a: Renounce Religion, Depart the Abyss


You were on level 2 of the Dungeon.
You worshipped Lugonu.
Lugonu was aware of your devotion.
You visited 1 branch of the dungeon, and saw 2 of its levels.
You visited the Abyss 1 time.

You collected 73 gold pieces.

Inventory:

Hand Weapons
 a - a +1 hand axe (weapon)
Armour
 b - a +0 leather armour (worn)
Jewellery
 d - a +4 ring of slaying (left hand)
 j - a ring of flight
Scrolls
 e - a scroll of brand weapon {unknown}
 f - a scroll of amnesia {unknown}
 g - a scroll of immolation {unknown}
 i - a scroll of identify {unknown}
Potions
 c - a potion of degeneration


   Skills:
 + Level 3.8 Fighting
 * Level 2.4 Axes
 * Level 2.6 Armour
 + Level 1.0 Dodging
 * Level 2.7 Invocations


You had 2 spell levels left.
You didn't know any spells.
Your spell library was empty.

Dungeon Overview and Level Annotations

Branches:
Dungeon (2/15)

Altars:


Innate Abilities, Weirdness & Mutations

You are immune to sickness and miasma.
Your stone body is resilient. (AC +3)
You are immune to poison.
You resist negative energy. (rN+)
You are resistant to electric shocks. (rElec)
You are resistant to unholy torment.
You are immune to petrification.


Message History

You barely miss the ball python.
The ball python is moderately wounded.
You hit the endoplasm. The ball python barely misses you.
The ball python grabs you. The ball python constricts you.
The endoplasm freezes you.
You are frozen.
The ball python barely misses you. The ball python constricts you.
You hit the ball python.
You kill the ball python!
Lugonu accepts your kill.
You hit the shadow imp. You hit the endoplasm.
You kill the endoplasm!
Lugonu accepts your kill. The shadow imp barely misses you.
You closely miss Natasha. You closely miss the shadow imp.
The shadow imp hits you. Natasha claws you.
* * * LOW HITPOINT WARNING * * *
Unknown command.
You slash Natasha!
Natasha is heavily wounded.
You barely miss the iron imp. Natasha closely misses you.
Unknown command.
You slash Natasha!
You kill Natasha!
Lugonu accepts your kill.
Natasha growls in agony!
The iron imp disappears in a puff of smoke!
The shadow imp disappears in a puff of smoke!
Your Dodging skill increases to level 1!
You see here the felid corpse of Natasha.
It was a potion of degeneration.
There was something very wrong with that liquid.
You feel weakened.
You feel dopey.
You feel clumsy. The worm bites you but does no damage.
It was a potion of might.
You feel very mighty all of a sudden.
You slash the worm!
The worm is severely wounded.
The worm bites you.
You die...

................
.......§§...$...
.......§§§......
.......§≈§......
.......§.§......
................
.......w........
.......@........
#............).#
##............##
##..........##
##.......[###
####''####. #..#
.# #.####.#
#......# #


You could see a worm.

Vanquished Creatures
  Natasha (D:2)
  A dart slug (D:1)
  3 bats (D:1)
  4 endoplasms
  A giant cockroach (D:1)
  A goblin (D:1)
  3 hobgoblins
  A kobold (D:1)
  2 quokkas (D:1)
  3 ball pythons
  2 frilled lizards
22 creatures vanquished.

Notes
Turn   | Place    | Note
-------+----------+-------------------------------------------
     0 | Abyss:1  | Gargoyl the Gargoyle Abyssal Knight began the quest for the
                  | Orb.
     0 | Abyss:1  | Reached XP level 1. HP: 14/14 MP: 2/2
     0 | D:1      | Escaped the Abyss
   261 | D:1      | Reached XP level 2. HP: 18/19 MP: 3/3
   363 | D:1      | Reached * piety under Lugonu
   606 | D:1      | Found a faded altar of an unknown god.
   817 | D:1      | Reached XP level 3. HP: 24/24 MP: 4/4
   899 | D:2      | Noticed Natasha
   908 | D:2      | Killed Natasha
   909 | D:2      | Reached skill level 1 in Dodging
   912 | D:2      | Slain by a worm

Illustrated notes

Levels and vault maps discovered:
D:1:      heliophobic_arrival_glass_houses, layout_rooms, basic_ecumenical_altar
D:2:      kennysheep_big_flooded_room, layout_rooms, uniq_natasha, uniq_terence

Skill      XL: |  1  2  3 |
---------------+----------+-----
Axes           | 2 |  2.4
Dodging        | 1 |  1.0
Fighting       | |  3.8
Armour         | |  2.6
Invocations    | |  2.7

Action                   || total
-------------------------++-------
Melee: Hand axe          ||    56
Invok: Depart the Abyss  ||     1
  Use: Potion            ||     2
Armor: Leather armour    ||    21
Dodge: Dodged            ||    33

Table legend: (Time is in decaauts)
 A = Elapsed time spent in this place.
 B = Non-inter-level travel time spent in this place.
 C = Inter-level travel time spent in this place.
 D = Time resting spent in this place.
 E = Time spent auto-exploring this place.
 F = Levels seen in this place.
 G = Mean time per level.
                   A        B        C        D        E       F      G
               +--------+--------+--------+--------+--------+-----+--------+
         Total |    922 |    897 |     25 |      0 |    726 |   3 |  307.3 |
       Dungeon |    922 |    897 |     25 |      0 |    726 |   2 |  461.0 |
         Abyss |      0 |      0 |      0 |      0 |      0 |   1 |    0.0 |
               +--------+--------+--------+--------+--------+-----+--------+

Top non-repeatable levels by time:
     D:1: 889 daAuts
     D:2: 32 daAuts
